 Dungeon Crawl Stone Soup version 0.29.0-4-gdea44cf6ec (webtiles) character file.

Game seed: 6871521377941722676

153 qw the Chopper (level 5, -1/30 HPs)
             Began as a Tengu Warper on Aug 28, 2022.
             Shot with an arrow by a centaur (14 damage)
             ... on level 3 of the Dungeon.
             The game lasted 00:00:16 (3050 turns).

qw the Chopper (Tengu Warper)                       Turns: 3050, Time: 00:00:16

Health: -1/30      AC:  6    Str: 13    XL:     5   Next: 35%
Magic:  9/9        EV: 13    Int: 13    God:
Gold:   182        SH:  0    Dex: 14    Spells: 8/8 levels left

rFire   . . .      SeeInvis .   Y - +2 hand axe
rCold   + . .      Faith    .   (no shield)
rNeg    . . .      Spirit   .   e - +0 ring mail
rPois   .          Reflect  .   (helmet restricted)
rElec   .          Harm     .   (no cloak)
rCorr   .          Rampage  .   o - +0 pair of gloves
Will    .....                   (boots unavailable)
Stlth   +.........              (no amulet)
HPRegen 0.10/turn               d - ring of protection from cold
MPRegen 0.11/turn               (no ring)

@: flying quickly and evasively, quick
A: beak, talons 3, nimble flight
a: no special abilities


You were on level 3 of the Dungeon.
You visited 1 branch of the dungeon, and saw 3 of its levels.

You collected 182 gold pieces.


Innate Abilities, Weirdness & Mutations

You have a beak for a mouth.
You have claws for feet.
Your magical nature lets you fly swiftly and evasively.


   Skills:
 - Level 2.0 Fighting
 + Level 5.9 Axes
 - Level 1.0 Throwing
 - Level 1.1 Armour
 - Level 2.1 Dodging
 - Level 2.0 Spellcasting
 - Level 2.4 Translocations


You had 8 spell levels left.
You didn't know any spells.
Your spell library contained the following spells:

 Spells                   Type           Power      Damage    Failure   Level
 Blink                    Tloc           14%        N/A       30%         2
 Gell's Gravitas          Tloc           7%         N/A       52%         3
 Lesser Beckoning         Tloc           7%         N/A       52%         3
 Teleport Other           Tloc           7%         N/A       52%         3
 Manifold Assault         Tloc           7%         N/A       99%         5

Inventory:

Hand Weapons
 a - a +0 mace
 Y - a +2 hand axe (weapon)
Armour
 e - a +0 ring mail (worn)
 o - a +0 pair of gloves (worn)
Jewellery
 d - a ring of protection from cold (left hand)
Scrolls
 c - a scroll of identify
 f - a scroll of butterflies {unknown}
Potions
 b - a potion of haste
 g - 3 potions of heal wounds {unknown}
 h - a potion of resistance {unknown}
 i - 4 potions of curing
 k - a potion of brilliance {unknown}

Dungeon Overview and Level Annotations

Branches:
Dungeon (3/15)

Altars:
Yredelemnul
The Shining One


Message History

A kobold comes into view.
It is wielding a +0 short sword and quivering poisoned darts.
You hit the ball python.
You kill the ball python!
The kobold throws a poisoned dart.
The poisoned dart completely misses you.
The kobold throws a poisoned dart.
The poisoned dart hits you!
You are poisoned.
You feel very sick.
You hit the kobold. Your kick misses the kobold.
You peck the kobold, but do no damage.
The kobold is moderately wounded.
You feel sick.
The kobold hits you with a +0 short sword.
You barely miss the kobold. Your kick misses the kobold.
Your peck misses the kobold.
The kobold is moderately wounded.
You feel sick. The kobold misses you.
You hit the kobold.
You kill the kobold!
You feel sick.
You start resting.
You feel sick. x4
You are no longer poisoned.
HP restored.
Things that are here:
a +0 short sword; 6 poisoned darts
h - an emerald potion
Found a stone staircase leading up.
Enter note:
Enter note:
g - 3 purple potions (gained 2)
Found a leather armour.
A centaur comes into view.
The centaur wields a +0 shortbow.
The centaur shoots an arrow.
The arrow barely misses you.
The centaur shoots an arrow.
The arrow hits you!
The centaur shoots an arrow.
The arrow hits you!
Found an escape hatch in the floor.
The centaur shoots an arrow.
The arrow barely misses you.
The centaur shoots an arrow.
The arrow hits you!
You die...

#.#...<%.....#.
......##...#..........#.
.........#..............
...........##.#####.###
#....c.......##.%..#
.##........###.#..####
...........###..)##
#..P.[.........##
.####.~~@#...###....#####
......~~~................
.#....7........#..#####.
#>#..~............####. #
###.........#........
#..................
###..................
#...........####.####
########.#...<.....####.#
#


You could see a centaur.

Vanquished Creatures
  Jessica (D:2)
  A gnoll (D:1)
  5 adders
  3 worms (D:2)
  A dart slug (D:1)
  4 orcs (D:3)
  6 ball pythons
  3 bats
  3 endoplasms
  6 giant cockroaches
  3 goblins (D:1)
  5 hobgoblins
  3 quokkas
  6 frilled lizards
  5 kobolds
  4 rats
59 creatures vanquished.

Vanquished Creatures (others)
  A ball python (D:3)
1 creature vanquished.

Grand Total: 60 creatures vanquished

Notes
Turn   | Place    | Note
-------+----------+-------------------------------------------
     0 | D:1      | qw the Tengu Warper began the quest for the Orb.
     0 | D:1      | Reached XP level 1. HP: 12/12 MP: 4/4
     0 | D:1      | 0 ||| qw: Version: 0.1-a-89-g26bdef1
     0 | D:1      | 0 ||| qw: Game counter: 2869
     0 | D:1      | 0 ||| qw: Always use a shield: true
     0 | D:1      | 0 ||| qw: God list: Okawaru
     0 | D:1      | 0 ||| qw: Allow faded altars: false
     0 | D:1      | 0 ||| qw: Do Orc after D:15 true
     0 | D:1      | 0 ||| qw: Do second Lair branch before Depths: true
     0 | D:1      | 0 ||| qw: Lair rune preference: random
     0 | D:1      | 0 ||| qw: Plans: Normal
     0 | D:1      | 0 ||| PLANNING D:1-11
    21 | D:1      | 21 ||| Stepping ~*~*~tactically~*~*~ (stealth).
   604 | D:1      | Reached XP level 2. HP: 11/17 MP: 6/6
   755 | D:1      | Reached skill level 3 in Axes
  1104 | D:1      | Found a faded altar of an unknown god.
  1267 | D:1      | 1267 ||| Stepping ~*~*~tactically~*~*~ (hiding).
  1369 | D:1      | 1369 ||| Stepping ~*~*~tactically~*~*~ (hiding).
  1377 | D:1      | Reached XP level 3. HP: 21/21 MP: 7/7
  1513 | D:1      | Reached skill level 4 in Axes
  1566 | D:1      | 1566 ||| UPGRADING to +0 ring mail.
  1576 | D:1      | 1576 ||| DROPPING +0 leather armour.
  1577 | D:1      | 1577 ||| UPGRADING to +0 pair of gloves.
  1582 | D:1      | 1582 ||| UPGRADING to ring of protection from cold.
  1583 | D:1      | 1583 ||| READING scroll labelled DAF BYHELA.
  1584 | D:1      | 1584 ||| READING scroll labelled QUBBAU IPLYCOH.
  1585 | D:1      | 1585 ||| READING scroll labelled ZAENYG REEZ.
  1586 | D:1      | 1586 ||| READING scroll labelled SOXIOF JATU.
  1587 | D:1      | 1587 ||| DRINKING 3 inky potions.
  1588 | D:1      | 1588 ||| DROPPING scroll of blinking.
  1693 | D:2      | 1693 ||| Stepping ~*~*~tactically~*~*~ (stealth).
  1694 | D:2      | 1694 ||| Stepping ~*~*~tactically~*~*~ (stealth).
  1749 | D:2      | 1749 ||| Stepping ~*~*~tactically~*~*~ (stealth).
  1837 | D:2      | Reached XP level 4. HP: 26/26 MP: 8/8
  1884 | D:2      | Noticed Jessica
  1886 | D:2      | 1886 ||| Stepping ~*~*~tactically~*~*~ (hiding).
  1887 | D:2      | 1887 ||| Stepping ~*~*~tactically~*~*~ (hiding).
  1898 | D:2      | 1898 ||| Stepping ~*~*~tactically~*~*~ (hiding).
  1899 | D:2      | 1899 ||| Stepping ~*~*~tactically~*~*~ (hiding).
  1907 | D:2      | Killed Jessica
  1908 | D:2      | Reached skill level 5 in Axes
  1943 | D:2      | 1943 ||| Stepping ~*~*~tactically~*~*~ (stealth).
  1944 | D:2      | 1944 ||| Stepping ~*~*~tactically~*~*~ (stealth).
  2133 | D:2      | 2133 ||| READING scroll of enchant weapon.
  2133 | D:2      | 2133 ||| ENCHANTING +1 hand axe.
  2524 | D:2      | 2524 ||| DRINKING 2 sedimented blue potions.
  2525 | D:2      | 2525 ||| READING 4 scrolls of identify.
  2525 | D:2      | 2525 ||| IDENTIFYING lumpy white potion
  2526 | D:2      | 2526 ||| READING 3 scrolls of identify.
  2526 | D:2      | 2526 ||| IDENTIFYING glowing inky potion
  2527 | D:2      | 2527 ||| READING 2 scrolls of identify.
  2527 | D:2      | 2527 ||| IDENTIFYING bubbling silvery potion
  2528 | D:2      | 2528 ||| DROPPING potion of attraction.
  2529 | D:2      | 2529 ||| DROPPING potion of ambrosia.
  2530 | D:2      | 2530 ||| DROPPING potion of berserk rage.
  2548 | D:3      | 2548 ||| STAIRDANCE
  2553 | D:2      | Gained mutation: Your magical nature lets you fly swiftly
                  | and evasively. [Tengu growth]
  2553 | D:2      | Reached XP level 5. HP: 24/30 MP: 9/9
  2624 | D:3      | 2624 ||| Stepping ~*~*~tactically~*~*~ (stealth).
  2650 | D:3      | 2650 ||| DROPPING +0 club.
  2745 | D:3      | Found a basalt altar of Yredelemnul.
  2747 | D:3      | Noticed a profane servitor
  2752 | D:3      | Found a glowing golden altar of the Shining One.
  2754 | D:3      | Noticed an angel
  3047 | D:3      | Noticed a centaur
  3050 | D:3      | Shot with an arrow by a centaur

Levels and vault maps discovered:
D:1:      dpeg_arrival_subterranean_lakeside_camping, layout_basic,
          chequers_ecumenical_altar_simple_redux, minmay_tromino_v2
D:2:      layout_basic, roderic_lattice_a, uniq_jessica
D:3:      layout_rooms, grunt_temple_overflow_holy_war,
          nicolae_ru_path_of_blood, fedhas_ov_isle_minmay, chequers_jeans,
          serial_bayou_pond_e, st_stairs_3

Skill      XL: |  1  2  3  4 |
---------------+-------------+-----
Axes           | 3 4 5 |  5.9
Fighting       | |  2.0
Throwing       | |  1.0
Armour         | |  1.1
Dodging        | |  2.1
Spellcasting   | |  2.0
Translocations | |  2.4

Action                   |  1- 3 |  4- 6 || total
-------------------------+-------+-------++-------
Melee: Hand axe          |    57 |    50 ||   107
       Peck              |     8 |     5 ||    13
       Kick              |     9 |    10 ||    19
       Punch             |       |     2 ||     2
Throw: Boomerang         |    40 |    22 ||    62
  Use: Scroll            |     4 |     4 ||     8
       Potion            |     1 |     1 ||     2
Armor: Leather armour    |     6 |       ||     6
       Ring mail         |     3 |    10 ||    13
Dodge: Dodged            |    28 |    24 ||    52

Table legend:
 A = Non-vault XP
 B = Vault XP
 C = Vault XP percentage of total XP
 D = Non-vault monster count
 E = Vault monster count
 F = Vault count percentage of total count
                 A         B        C        D         E       F
            +---------+---------+-------+---------+---------+-------
      Total |     166 |      53 |  24.2 |      48 |      11 |  18.6
            +---------+---------+-------+---------+---------+-------
        D:1 |      38 |      13 |  25.5 |      15 |       8 |  34.8
        D:2 |      78 |      37 |  32.2 |      20 |       1 |   4.8
        D:3 |      50 |       3 |   5.7 |      13 |       2 |  13.3
            +---------+---------+-------+---------+---------+-------
